 Dungeon Crawl Stone Soup version 0.26.0-16-gc1dbca0489 (webtiles) character file.

Game seed: 4972025384862661164

275 thiole the Sneak (level 6, -1/36 HPs)
             Began as an Octopode Hedge Wizard on Jan 21, 2021.
             Was an Initiate of Gozag.
             Killed by divine providence
             ... invoked by an orc priest
              (14 damage)
             ... on level 3 of the Dungeon.
             The game lasted 00:08:16 (4995 turns).

thiole the Sneak (Octopode Hedge Wizard)            Turns: 4995, Time: 00:08:16

Health: -1/36      AC:  1    Str: 15    XL:     6   Next: 25%
Magic:  5/12       EV: 13    Int: 19    God:    Gozag
Gold:   457        SH:  0    Dex: 11    Spells: 9/14 levels left

rFire    . . .     SeeInvis .   a - +0 dagger
rCold    + . .     Faith    .   (no shield)
rNeg     . . .     Spirit   .   b - +0 hat
rPois    .         Reflect  .   (no amulet)
rElec    .         Harm     .   e - ring of protection from cold
rCorr    .         Rampage  .   k - +6 ring of strength
Will     .....                  (no ring)
Stlth    ++++......             (no ring)
HPRegen  0.12/turn              (no ring)
MPRegen  0.13/turn              (no ring)
                                (no ring)
                                (no ring)

@: gold aura
A: almost no armour, stealthy swim, amphibious, 8 rings, constrict 8, camouflage
1, gelatinous body 1
a: Renounce Religion, Potion Petition, Call Merchant, Bribe Branch


You were on level 3 of the Dungeon.
You worshipped Gozag.
Gozag was aware of your devotion.
You visited 1 branch of the dungeon, and saw 4 of its levels.

You collected 486 gold pieces.
You paid 29 gold pieces to Gozag.

Inventory:

Hand Weapons
 a - a +0 dagger (weapon)
 d - a +0 short sword
Armour
 b - a +0 hat (worn)
Jewellery
 e - a ring of protection from cold (left tentacle)
 k - a +6 ring of strength (right tentacle)
Scrolls
 c - 6 scrolls of teleportation
 f - a scroll of remove curse
 g - 2 scrolls of enchant weapon {unknown}
 j - 2 scrolls of identify {unknown}
 l - a scroll of amnesia {unknown}
 n - a scroll of immolation {unknown}
Potions
 h - a potion of curing {unknown}
 i - a potion of flight {unknown}
 m - 2 potions of brilliance {unknown}
 o - a potion of attraction {unknown}
 p - a potion of lignification {unknown}


   Skills:
 - Level 2.0 Dodging
 + Level 6.1 Stealth
 + Level 4.6 Spellcasting
 - Level 2.0 Conjurations
 - Level 2.0 Summonings
 - Level 1.0 Translocations


You had 9 spell levels left.
You knew the following spells:

 Your Spells              Type           Power        Failure   Level
a - Magic Dart            Conj           44%          6%          1
b - Call Imp              Summ           11%          9%          2
c - Slow                  Hex            4%           21%         2

Your spell library contained the following spells:

 Spells                   Type           Power        Failure   Level
 Blink                    Tloc           N/A          13%         2
 Conjure Flame            Conj/Fire      8%           26%         3
 Mephitic Cloud           Conj/Pois/Air  6%           30%         3


Dungeon Overview and Level Annotations

Branches:
Dungeon (4/15)
 Temple: D:4-7

Altars:
Ashenzari
Fedhas
Gozag
Nemelex Xobeh
Okawaru

Shops:
D:2 *


Innate Abilities, Weirdness & Mutations

You cannot wear most types of armour.
You are very stealthy in the water. (Stealth+)
You are amphibious.
You can wear up to eight rings at the same time.
You can use your tentacles to constrict eight enemies at once.
Your skin changes colour to match your surroundings (Stealth+).
Your rubbery body absorbs attacks. (AC +1, EV +1)


Message History

Your crimson imp blinks!
You barely miss the orc. Your grab misses the orc. You squeeze the orc!
You kill the orc!
The orc priest calls down the wrath of Beogh upon you.
Beogh smites you!
The orc priest completely misses your iron imp.
You swap places.
Your crimson imp disappears in a puff of smoke!
Your iron imp barely misses the orc priest.
The orc priest hits your iron imp but does no damage.
The orc priest hits your iron imp with a cursed -1 short sword.
The orc priest invokes the aid of Beogh against you.
Beogh smites you!
The orc priest hits your crimson imp with a cursed -1 short sword.
Your iron imp closely misses the orc priest.
Your crimson imp barely misses the orc priest.
The orc priest invokes the aid of Beogh against you.
Beogh smites you!
You die...
Your body crumbles into a pile of gold.

#.####)########.#
#.......)....##.#
#.[###.#####.##.#
#..###.#####.##.#
#######.......)........
#...#.........####.##.#
#...#.#..###..####.##.#
##..5#.#..# #..##.......
#..o5$.@..###..##...##.#
##.o5#.#.§.....##...##.#
#...#.#.§..............
#..o#.#.>..............
#...#.#.#.#######.###..
#...#.#.....# #).....
#####.#.#.### ###)####.
#.#.#.#####........
#.#.......#...####.


You could see 2 orc priests, a friendly iron imp (summoned) and 2 friendly
crimson imps.

Vanquished Creatures
  A howler monkey (D:4)
  A hound (D:4)
  4 adders
  5 gnolls
  4 worms
  A dart slug (D:1)
  4 leopard geckos
  6 orcs (D:3)
  2 giant cockroaches
  9 goblins
  7 hobgoblins
  6 jackals
  7 kobolds
  2 quokkas
  7 bats
  6 frilled lizards
  5 rats
77 creatures vanquished.

Vanquished Creatures (collateral kills)
  A worker ant (D:4)
  A dart slug (D:2)
  A rat (D:2)
3 creatures vanquished.

Grand Total: 80 creatures vanquished

Notes
Turn   | Place    | Note
-------+----------+-------------------------------------------
     0 | D:1      | thiole the Octopode Hedge Wizard began the quest for the
                  | Orb.
     0 | D:1      | Reached XP level 1. HP: 11/11 MP: 4/4
   186 | D:1      | Reached XP level 2. HP: 17/17 MP: 1/6
   189 | D:1      | Learned a level 2 spell: Call Imp
   192 | D:1      | Learned a level 2 spell: Slow
   322 | D:1      | Reached skill level 3 in Stealth
   931 | D:1      | Reached XP level 3. HP: 21/21 MP: 3/7
  1046 | D:2      | Found an opulent altar of Gozag.
  1046 | D:2      | Found Gozag's Platinum Reserve.
  1058 | D:2      | Became a worshipper of Gozag Ym Sagoz the Greedy
  1550 | D:2      | Found a blossoming altar of Fedhas.
  1699 | D:2      | Reached XP level 4. HP: 27/27 MP: 5/9
  1932 | D:2      | Found a sparkling altar of Nemelex Xobeh.
  2109 | D:2      | Found an iron altar of Okawaru.
  2109 | D:2      | Found a broken altar of Ashenzari.
  2176 | D:2      | Reached skill level 4 in Stealth
  3533 | D:3      | Reached XP level 5. HP: 31/31 MP: 7/10
  3757 | D:3      | Reached skill level 5 in Stealth
  4660 | D:4      | Reached XP level 6. HP: 36/36 MP: 12/12
  4692 | D:4      | Reached skill level 6 in Stealth
  4995 | D:3      | Killed from afar by an orc priest

Illustrated notes

Levels and vault maps discovered:
D:1:      dpeg_arrival_windows_large_door, layout_basic, serial_forest,
          infiniplex_forest_lined_2, infiniplex_forest_straight_5,
          infiniplex_forest_clump_double, infiniplex_forest_clump_tiny,
          infiniplex_forest_straight_2
D:2:      layout_loops_ring, lemuel_round_altar,
          nicolae_gozag_zags_fifth_avenue, gammafunk_temple_overflow_elements,
          fedhas_altar_3
D:3:      minmay_wonky_spiral, layout_basic, kennysheep_generic_room_12
D:4:      layout_basic, elyvilon_altar_4, minmay_quadrilaterals, uniq_menkaure

Skill      XL: |  1  2  3  4  5  6 |
---------------+-------------------+-----
Stealth        | 3 4 5 6 |  6.1
Conjurations   | 2 |  2.0
Summonings     | 2 |  2.0
Spellcasting   | 4 |  4.6
Dodging        | |  2.0
Translocations | |  1.0

Action                   |  1- 3 |  4- 6 || total
-------------------------+-------+-------++-------
Melee: Dagger            |    32 |    43 ||    75
       Tentacles         |     6 |    15 ||    21
       Constrict         |     8 |    13 ||    21
 Cast: Magic Dart        |    65 |   145 ||   210
       Call Imp          |     1 |     5 ||     6
  Use: Scroll            |     1 |     2 ||     3
       Potion            |       |     1 ||     1
 Stab: Sleeping          |       |     2 ||     2
Armor: Skin              |     2 |     1 ||     3
Dodge: Dodged            |    30 |    27 ||    57
